[Event "*** MasterClass Titled Tuesday Blitz"]
[Site "Chess.com"]
[Date "2017.11.07"]
[Round "3"]
[White "LaStreetCmaMaison"]
[Black "Annawel"]
[Result "1/2-1/2"]
[WhiteElo "2599"]
[BlackElo "2784"]
[TimeControl "180+2"]
[EndTime "14:49:41 PST"]
[Termination "Game drawn by 50-move rule"]

1. b3 e5 2. Bb2 Nc6 3. e3 g6 4. Nf3 Bg7 5. d4 d6 6. dxe5 Nge7 7. Be2 O-O 8. O-O dxe5 9. c4 h6 10. Nc3 e4 11. Nd2 f5 12. a3 Be6 13. Qc2 Qe8 14. Nb5 Rc8 15. Bxg7 Kxg7 16. Qc3+ Kh7 17.
f3 exf3 18. Nxf3 a6 19. Nbd4 Bg8 20. Rae1 Rd8 21. Bd3 Qd7 22. Rd1 Qd6 23. b4 Qf6 24. Bc2 Ne5 25. Kh1 Nxc4 26. e4 fxe4 27. Bxe4 b5 28.
Rd3 Bd5 29. Ne6 Qxe6 30. Ng5+ hxg5 31. Rh3+ Qxh3 32. Qxh3+ Kg8 33. Bxd5+ Nxd5 34. Rxf8+ Rxf8 35. Qe6+ Kg7 36. h4 Nce3 37. hxg5 Rf5 38. Qd7+ Kf8 39. Qd8+ Kf7 40. Qd7+ Ne7 41. Qxc7 Nd5 42. Qd6 Rxg5 43.
Qxa6 Nf4 44. a4 bxa4 45. b5 Ne2 46. g4 Rxg4 47. b6 Nd4 48. Qc4+ Kf6 49. b7 Nec6 50. Qxa4 Rh4+ 51. Kg2 Rh8 52. Qa3 Rb8 53. Qd6+ Kf5 54. Qd7+ Ke5 55. Kh3 Kf4 56. Qd6+ Ke4 57. Qxg6+ Kd5 58.
Qf7+ Kc5 59. Qc7 Rh8+ 60. Kg4 Ne6 61. Qc8 Rxc8 62. bxc8=Q Nd4 63. Kg3 Kd5 64. Kf2 Ke4 65. Qe8+ Kd5 66. Ke3 Nf5+ 67. Kd3 Ne5+ 68. Kc3 Nd6 69.
Qg8+ Ke4 70. Qf8 Nb5+ 71. Kd2 Nc4+ 72. Kc2 Ne3+ 73. Kb3 Nd4+ 74. Ka4 Nd5 75. Qe8+ Kd3 76. Qd8 Kc4 77. Qc8+ Kd3 78. Qa6+ Ke4 79. Qg6+ Ke5 80. Qg5+ Ke4 81. Ka3 Ne3 82. Kb2 Kd3 83. Qg6+ Kc4 84.
Qe4 Nd1+ 85. Kc1 Nc3 86. Qh7 Nb3+ 87. Kc2 Nd4+ 88. Kd2 Nd5 89. Qh8 Nb3+ 90. Ke2 Nd4+ 91.
Kd1 Nb3 92. Qc8+ Kd4 93. Kc2 Nc5 94. Qh8+ Kc4 95. Qh4+ Kb5 96. Qd4 Nb4+ 97. Kc3 Na2+ 98. Kb2 Nb4 99. Qh4 Nd5 100. Qh5 Kc4 101. Qe2+ Kd4 102. Qf2+ Kc4 103. Qc2+ Kd4 104. Qd2+ Kc4 105. Qe2+ Kd4 106. Qg4+ Ke5 107. Qc4 Ne4 108. Qc8 Kd4 109. Qh8+ Kc4 110. Qe5 Nc5 111. Qd6 Nd3+ 112. Ka3 Nc5 113. Qc6 Kd4 114. Qc8 Kc4 1/2-1/2

[Event "*** MasterClass Titled Tuesday Blitz"]
[Site "Chess.com"]
[Date "2017.11.07"]
[Round "3"]
[White "Khamrakulov_Djurabek"]
[Black "tigra"]
[Result "1/2-1/2"]
[WhiteElo "2618"]
[BlackElo "2651"]
[TimeControl "180+2"]
[EndTime "14:51:00 PST"]
[Termination "Game drawn by stalemate"]

1. e4 c5 2. c3 Nf6 3. e5 Nd5 4. d3 Nc6 5. Nf3 g6 6. d4 cxd4 7. cxd4 Bg7 8. Qb3 Nb6 9. Bf4 d6 10. Nc3 O-O 11. Rd1 Bg4 12. Be2 Bxf3 13. Bxf3 dxe5 14. dxe5 Nd4 15. Rxd4 Qxd4 16. Be3 Qc4 17. Bxb7 Qxb3 18. axb3 Rab8 19. Ba6 Bxe5 20. Ke2 Rfd8 21. Ra1 Bd4 22. Bf4 e5 23. Bg5 Rd7 24. Ne4 Nd5 25.
Bc4 Kg7 26. Ra5 Nf4+ 27. Kf3 Rb6 28. Bxf4 exf4 29. Kxf4 f5 30. Nc5 Re7 31. Kf3 Rd6 32. Nd3 Bb6 33. Rb5 Re4 34. Nf4 Rd2 35. Ne2 Kf6 36.
h3 Rxb2 37. g4 Re5 38. g5+ Kxg5 39. Rxe5 Kh4 40. Re7 h5 41. Rh7 g5 42. Be6 g4+ 43.
hxg4 fxg4+ 44. Kf4 Rxe2 45. Bxg4 Rxf2+ 46. Bf3 Rxf3+ 47.
Kxf3 Bc5 48. Rg7 Bb6 49. Kg2 Bc5 50. Rg6 Bb6 51. b4 Bd4 52. Kf3 Bb6 53. Rg2 Kh3 54.
Rg3+ Kh4 55. Rg6 Kh3 56. Rg5 h4 57. Rg2 Bd4 58. Rd2 Bb6 59. Re2 Bd4 60. Rc2 Bb6 61.
Rd2 Bg1 62. Rd1 Kh2 63. Kg4 Bf2 64. Kf3 Bg1 65. Rd2+ Kh3 66. b5 Bc5 67. Rc2 Bb6 68. Rc4 Bg1 69. Rg4 Bf2 70. Rg2 Bc5 71. Ra2 Bb6 72.
Ra4 Bc5 73. Kf4 Bf2 74. Ra3+ Kg2 75. Kg4 Kg1 76. Kf3 Bc5 77. Ra2 Bb6 78. Rg2+ Kh1 79. Rc2 Kg1 80. Kg4 Bf2 81. Kf3 Bb6 82. Rg2+ Kh1 83.
Rg6 Kh2 84. Kg4 Bf2 85. Rc6 Kg2 86. Rc3 Kg1 87. Kh3 Kf1 88. Rc2 Ke1 89. Ra2 Kf1 90.
Rb2 Ke1 91. Rc2 Kf1 92. Ra2 Ke1 93. Kg2 Bb6 94. Ra4 Kd2 95. Rxh4 Kd3 96. Kf3 Bd4 97. Rg4 Kc4 98. Ke2 Kc3 99. Kd1 Bc5 100. Kc1 Bb6 101. Kb1 Kb3 102. Re4 Bc5 103. Rh4 Bb6 104. Kc1 Bc5 105. Kd2 Bb6 106. Kd3 Bc5 107. Rg4 Bb6 108. Rc4 Bf2 109. Rc1 Kb4 110. Rb1+ Kc5 111. Rb2 Bg3 112. Rg2 Bf4 113. Rg4 Bd6 114. Rg5+ Kb4 115. Kd4 Bf4 116. Rf5 Bh2 117. Rd5 Bg1+ 118. Ke4 Bc5 119. Kd3 Kxb5 120. Kc3 Kc6 121. Kc4 Bb6 122. Rh5 Kb7 123. Kb5 a6+ 124. Kc4 Ba7 125. Rh7+ Ka8 126. Kd5 Bb8 127. Kc6 a5 128. Kb6 a4 129. Rh4 Ba7+ 130. Kc7 Bb8+ 131. Kc8 a3 132. Ra4+ Ba7 133. Rxa3 1/2-1/2

[Event "*** MasterClass Titled Tuesday Blitz"]
[Site "Chess.com"]
[Date "2017.11.07"]
[Round "3"]
[White "krzyzan94"]
[Black "BilodeauA"]
[Result "1-0"]
[WhiteElo "2591"]
[BlackElo "2797"]
[TimeControl "180+2"]
[EndTime "14:52:35 PST"]
[Termination "krzyzan94 won by resignation"]

1. e4 c5 2. Nf3 Nc6 3. d4 cxd4 4. Nxd4 Nf6 5. Nc3 d6 6. Bg5 e6 7. Qd2 a6 8. O-O-O Bd7 9. f4 b5 10. Nxc6 Bxc6 11. e5 dxe5 12. Qxd8+ Rxd8 13. Rxd8+ Kxd8 14. fxe5 h6 15. Bh4 g5 16. Bg3 Nh5 17. Bf2 Bg7 18. Bd4 Kc7 19. Rg1 Rd8 20. Ne2 Nf4 21. Bc3 Nd5 22. Bd4 Ne7 23. g3 Ng6 24. Bc3 Kb6 25. Nd4 Bd5 26. a4 bxa4 27. Be2 Bxe5 28. Rf1 Bb7 29. Rd1 Rc8 30. Bh5 a3 31. Bxg6 fxg6 32.
Kb1 axb2 33. Kxb2 Rc4 34. Ne2 Bc7 35. Bd4+ Kc6 36. Bg7 Re4 37. Nd4+ Kb6 38. Nb3 h5 39. Bf6 Be5+ 40. Bxe5 Rxe5 41. Rd6+ Kc7 42. Rd2 h4 43. Rd4 h3 44. Rd2 g4 45. Nd4 Re3 46. c4 Kb6 47.
Nb3 Re1 48. Nd4 e5 49. Ne6 Bf3 50. Kc3 Kc6 51. Nd8+ Kc7 52. Ne6+ Kb7 53. Nd8+ Kb6 54. Ne6 Rc1+ 55. Kb4 a5+ 56. Kb3 a4+ 57. Kb4 a3 58. c5+ Kc6 59. Rd6+ Kb7 60. Rd7+ Kc8 61. Rd8+ Kb7 62.
Rd7+ Kb8 63. Kxa3 Bc6 64. Rd8+ Kb7 65. Rd6 Bf3 66. Kb4 Rb1+ 67. Kc3 Rc1+ 68. Kb2 Rh1 69.
Kc3 Rc1+ 70. Kb4 Be2 71. Nd8+ Kc8 72. Ne6 Rc4+ 73. Ka5 Bf3 74. Rd8+ Kb7 75. Rd7+ Kb8 76. Kb6 Rb4+ 77. Ka5 Rb7 78. Rd8+ Ka7 79. Rd6 Re7 80. c6 Bxc6 81. Rxc6 e4 82. Nf4 e3 83. Ne2 Rf7 84.
Nd4 Rf2 85. Re6 Rxh2 86. Re7+ Kb8 87. Kb6 Rb2+ 88. Nb5 Kc8 89. Rxe3 h2 90. Re8+ Kd7 91. Rh8 Ke6 92. Kc5 Ke5 93. Nc3 Kf5 94. Kd4 Rg2 95. Ne4 Ra2 96. Nd6+ Kf6 97. Ne4+ Kg7 98.
Rh4 Kf7 99. Ng5+ Kf6 100. Ne4+ Kf5 101. Nd6+ Kg5 102. Ne4+ Kf5 103. Nd6+ Ke6 104. Ne4 Ra4+ 105. Ke3 Ke5 106. Nf2 Ra3+ 107. Nd3+ Kd5 108. Rxh2 Kc4 109. Rd2 Kd5 110. Kf2 Ke4 111. Nc5+ Ke5 112. Re2+ Kf5 113. Rb2 Rc3 114. Na4 Ra3 115. Rb5+ Ke4 116. Nc5+ Kd5 117. Nb7+ Kc6 118. Rb2 Rf3+ 119. Kg2 Rf5 120. Nd8+ Kd7 121. Rd2+ Ke7 122. Nc6+ Ke8 123. Rd6 Kf7 124. Rd4 Rg5 125. Rxg4 Rb5 126. Rf4+ Kg7 127. Nd4 Rb2+ 128. Kf3 Kh6 129. Kg4 Rb1 130. Ne6 Rb6 131. Rf6 Ra6 132. Kh3 Rb6 133. g4 Rb1 134. g5+ Kh5 135. Kg3 Rb3+ 136. Kf4 Rb4+ 137. Ke5 Rb5+ 138. Kd6 Rb7 139. Rf1 Kg4 140. Ke5 Kh5 141. Kf6 Rb6 142. Rh1+ Kg4 143. Rh6 Rb1 144. Rxg6 Rf1+ 145. Ke7 Re1 146. Rf6 Kh5 147. g6 Ra1 148. g7 Ra7+ 149. Kd6 Ra8 150. Rf8 Ra6+ 151. Ke7 Ra7+ 152. Kf6 Kh6 153. g8=Q Rf7+ 154. Rxf7 1-0

[Event "*** MasterClass Titled Tuesday Blitz"]
[Site "Chess.com"]
[Date "2017.11.07"]
[Round "4"]
[White "champ2005"]
[Black "chessdude"]
[Result "1/2-1/2"]
[WhiteElo "2461"]
[BlackElo "2487"]
[TimeControl "180+2"]
[EndTime "14:54:10 PST"]
[Termination "Game drawn by repetition"]

1. e4 e5 2. Nf3 Nc6 3. Bb5 a6 4. Ba4 Nf6 5. O-O Be7 6. Re1 b5 7.
Bb3 d6 8. c3 O-O 9. h3 Re8 10.
Ng5 Rf8 11. Nf3 Re8 12. Ng5 Rf8 13. Nf3 Re8 14. Ng5 Rf8 15. Nf3 Re8 16. Ng5 1/2-1/2

[Event "*** MasterClass Titled Tuesday Blitz"]
[Site "Chess.com"]
[Date "2017.11.07"]
[Round "4"]
[White "wonderfultime"]
[Black "ChainsOfFantasia"]
[Result "1-0"]
[WhiteElo "2764"]
[BlackElo "2496"]
[TimeControl "180+2"]
[EndTime "14:56:56 PST"]
[Termination "wonderfultime won by checkmate"]

1. d4 Nf6 2. Bf4 g6 3. Nf3 Bg7 4. h3 O-O 5. e3 d6 6. Be2 c5 7. c3 b6 8. O-O Bb7 9. Nbd2 a6 10. a4 Nbd7 11. Re1 Ra7 12. Bh2 Qa8 13. Qb3 h6 14. Bd3 Ne4 15. Bf1 Rb8 16. Nxe4 Bxe4 17. Nd2 Bd5 18. Qc2 b5 19. e4 Bb7 20. axb5 axb5 21.
Rxa7 Qxa7 22. Bxb5 Bxe4 23. Qxe4 Rxb5 24. Qxe7 Rxb2 25.
Nc4 Rb8 26. Nxd6 cxd4 27. Qxf7+ Kh7 28. Be5 Rg8 29. Ne8 Nxe5 30. Nf6+ Kh8 31. Qxg8# 1-0

[Event "*** MasterClass Titled Tuesday Blitz"]
[Site "Chess.com"]
[Date "2017.11.07"]
[Round "4"]
[White "chipmunknau"]
[Black "Salem-AR"]
[Result "0-1"]
[WhiteElo "2504"]
[BlackElo "2803"]
[TimeControl "180+2"]
[EndTime "14:57:29 PST"]
[Termination "Salem-AR won by resignation"]

1. Nf3 c5 2. e3 Nf6 3. d4 d5 4. Bd3 Nc6 5. O-O Bg4 6. c3 e6 7.
h3 Bh5 8. Nbd2 Qc7 9. Qe2 Rd8 10. Rd1 a6 11. b3 Be7 12. Bb2 O-O 13. dxc5 Bxc5 14.
e4 Rfe8 15. Qe1 Ba7 16. Kh1 Qf4 17. exd5 exd5 18. Qf1 Ne4 19. Bxe4 dxe4 20. g4 exf3 21. gxh5 Rxd2 0-1

[Event "*** MasterClass Titled Tuesday Blitz"]
[Site "Chess.com"]
[Date "2017.11.07"]
[Round "4"]
[White "mikhaillushenkov"]
[Black "Lunaticx"]
[Result "1-0"]
[WhiteElo "2510"]
[BlackElo "2673"]
[TimeControl "180+2"]
[EndTime "14:57:56 PST"]
[Termination "mikhaillushenkov won by resignation"]

1. Nf3 d5 2. e3 Nf6 3. c4 e6 4. b3 c5 5. Bb2 Nc6 6. cxd5 exd5 7.
Be2 Bd6 8. O-O O-O 9. d4 cxd4 10.
Nxd4 Ne5 11. Nd2 Re8 12. Rc1 a6 13. N2f3 Ng6 14. Qc2 Ne4 15. Bd3 Bg4 16. Bxe4 dxe4 17. Nd2 Be2 18. Nxe2 Bxh2+ 19. Kxh2 Qh4+ 20. Kg1 Ne5 21. Bxe5 Rxe5 22. Qc8+ Re8 23. Qh3 Qg5 24. Nf4 g6 25.
Rc4 b5 26. Rxe4 Red8 27. Nf3 Qf6 28. Rd4 Re8 29. Rfd1 1-0

[Event "*** MasterClass Titled Tuesday Blitz"]
[Site "Chess.com"]
[Date "2017.11.07"]
[Round "4"]
[White "Maitreia"]
[Black "amurdercastle"]
[Result "1-0"]
[WhiteElo "2476"]
[BlackElo "2301"]
[TimeControl "180+2"]
[EndTime "14:58:03 PST"]
[Termination "Maitreia won by resignation"]

1. c4 e6 2. g3 d5 3. Bg2 Nf6 4.
Nf3 Be7 5. O-O O-O 6. b3 c5 7. Bb2 Nc6 8. e3 b6 9. Nc3 Bb7 10. cxd5 Nxd5 11. Nxd5 Qxd5 12. d4 Rad8 13. Ne5 Qd6 14.
dxc5 Qxc5 15. Nd7 Qb5 16. Qg4 e5 17. Nxf8 Bxf8 18. Rad1 Bc8 19. Qe4 Rxd1 20. Rxd1 Nb4 21. Qxe5 Qxe5 22. Bxe5 Nxa2 23. Rd8 1-0

[Event "*** MasterClass Titled Tuesday Blitz"]
[Site "Chess.com"]
[Date "2017.11.07"]
[Round "4"]
[White "oskariot"]
[Black "Mbneu"]
[Result "1-0"]
[WhiteElo "2491"]
[BlackElo "2314"]
[TimeControl "180+2"]
[EndTime "14:58:07 PST"]
[Termination "oskariot won by resignation"]

1. g3 d5 2. Bg2 e6 3. Nf3 c5 4. O-O Nc6 5. c4 Nf6 6. cxd5 exd5 7. d4 Be7 8. Nc3 O-O 9. dxc5 d4 10. Na4 Bf5 11.
a3 Be4 12. b4 Qd5 13. Bb2 Rad8 14. Nh4 Bxg2 15. Nxg2 Ne4 16. Nf4 Qf5 17. Qb1 Qe5 18. Qd3 Bf6 19. Rac1 Rfe8 20. b5 Ne7 21. c6 bxc6 22.
bxc6 Nf5 23. c7 Rc8 24. Qc4 Nd2 25. Qc6 Nxf1 26. Kxf1 Re7 27. Nd5 Qxe2+ 28. Kg1 Re6 29. Qd7 Ree8 30. Qxf5 Be5 31. Ne7+ 1-0

[Event "*** MasterClass Titled Tuesday Blitz"]
[Site "Chess.com"]
[Date "2017.11.07"]
[Round "4"]
[White "VitaliyBernadskiy"]
[Black "OparinGrigoriy"]
[Result "1-0"]
[WhiteElo "2566"]
[BlackElo "2677"]
[TimeControl "180+2"]
[EndTime "14:58:08 PST"]
[Termination "VitaliyBernadskiy won by resignation"]

1. e4 c5 2. Nf3 d6 3. d4 cxd4 4.
Nxd4 Nf6 5. Nc3 a6 6. f3 e5 7.
Nb3 Be7 8. Be3 h5 9. Qd2 Nbd7 10. a4 b6 11. Be2 Bb7 12. O-O h4 13. Rfd1 Rc8 14.
Bf1 O-O 15. Qf2 Re8 16. Rd3 Qc7 17. Rad1 Qb8 18. Bg5 Rxc3 19. bxc3 Nxe4 20. fxe4 Bxg5 21. Qf5 Nf6 22. Qxg5 Nxe4 23. Qxh4 b5 24. Rh3 Qa7+ 25. Nd4 Kf8 26. Qh8+ Ke7 27. Qxg7 1-0

[Event "*** MasterClass Titled Tuesday Blitz"]
[Site "Chess.com"]
[Date "2017.11.07"]
[Round "4"]
[White "Noukii"]
[Black "timator"]
[Result "1-0"]
[WhiteElo "2613"]
[BlackElo "2418"]
[TimeControl "180+2"]
[EndTime "14:58:45 PST"]
[Termination "Noukii won by resignation"]

1. d4 Nf6 2. Nf3 e6 3. c4 b6 4.
a3 Bb7 5. Nc3 Be7 6. d5 O-O 7.
g3 d6 8. Bg2 e5 9. O-O Nbd7 10.
b4 a5 11. Bb2 h6 12. Nd2 Nh7 13. e4 g5 14. Nb3 Ba6 15. Nb5 axb4 16. axb4 Bxb5 17. cxb5 Rxa1 18. Qxa1 Qa8 19. Qc1 Qa4 20. Qc4 Nc5 21. Nd2 Qa7 22. bxc5 bxc5 23. Ra1 Qb7 24. Ra6 Rb8 25. Bf1 Nf6 26. Qa4 Nd7 27. Ra7 Qc8 28. Qa6 Qxa6 29. Rxa6 Bd8 30. Bc3 Kf8 31.
Nb3 Ke7 32. Na5 Rb6 33. Nc6+ Ke8 34. Ra8 1-0

[Event "*** MasterClass Titled Tuesday Blitz"]
[Site "Chess.com"]
[Date "2017.11.07"]
[Round "4"]
[White "JaimeSantosLatasa"]
[Black "severomorskij"]
[Result "0-1"]
[WhiteElo "2557"]
[BlackElo "2647"]
[TimeControl "180+2"]
[EndTime "14:58:49 PST"]
[Termination "severomorskij won by resignation"]

1. d4 Nf6 2. c4 e6 3. Nf3 d5 4. g3 dxc4 5. Bg2 Bd7 6. Ne5 Bc6 7. Nxc6 Nxc6 8. O-O Qd7 9. e3 Rd8 10. Nd2 b5 11. a4 a6 12. Ne4 Nxe4 13. Bxe4 Bd6 14.
axb5 axb5 15. b3 c3 16. Qh5 b4 17. d5 exd5 18. Bxd5 O-O 19. e4 Ne5 20. Bg5 c6 21.
Bxd8 Rxd8 22. f4 cxd5 23. fxe5 Bc5+ 24. Kh1 g6 25. Qe2 d4 26. Qc4 Bf8 27. Qd3 Qe6 28.
Ra7 Rc8 29. Rf6 c2 0-1

[Event "*** MasterClass Titled Tuesday Blitz"]
[Site "Chess.com"]
[Date "2017.11.07"]
[Round "4"]
[White "hypert"]
[Black "GameOverBro"]
[Result "0-1"]
[WhiteElo "2352"]
[BlackElo "2330"]
[TimeControl "180+2"]
[EndTime "14:59:03 PST"]
[Termination "GameOverBro won by resignation"]

1. e4 d6 2. d4 Nf6 3. Nc3 e5 4. Nf3 Nbd7 5. Bc4 Be7 6. O-O c6 7. a4 h6 8. Re1 Qc7 9. h3 Nf8 10.
Be3 Ng6 11. a5 O-O 12. Qe2 Nh5 13. Nd2 Nhf4 14. Qf3 Nh4 15. Qg3 Nhxg2 16. Rf1 Bxh3 17. Kh2 Bh4 18. Qf3 Nxe3 19. fxe3 Bxf1 20. Rxf1 Ne6 21. d5 Nd8 22. Rg1 Qe7 23. dxc6 bxc6 24. Qg4 Bg5 25.
Nf3 Ne6 26. Qh5 Qf6 27. Nxg5 Nxg5 28. Ne2 Nf3+ 0-1

[Event "*** MasterClass Titled Tuesday Blitz"]
[Site "Chess.com"]
[Date "2017.11.07"]
[Round "4"]
[White "MagnusCarlsen"]
[Black "krzyzan94"]
[Result "1-0"]
[WhiteElo "3041"]
[BlackElo "2590"]
[TimeControl "180+2"]
[EndTime "14:59:12 PST"]
[Termination "MagnusCarlsen won by resignation"]

1. d4 Nf6 2. Bf4 g6 3. Nc3 d5 4. e3 c6 5. Nf3 Bg7 6. h3 O-O 7. Be2 Bf5 8. O-O Nbd7 9. g4 Be6 10. Ng5 Ne8 11. Bg3 Nc7 12. f4 f5 13. Nxe6 Nxe6 14.
g5 Nb6 15. Nb1 c5 16. c3 Nc4 17. Bxc4 dxc4 18. Nd2 Qd5 19. Qf3 Qxf3 20. Nxf3 Rfd8 21. a4 Kf7 22. Rfc1 Rac8 23. Be1 Rc7 24. Kf1 Rd6 25.
Nd2 cxd4 26. cxd4 Nf8 27. Rxc4 Rxc4 28. Nxc4 Rc6 29. b3 Nd7 30. Ke2 Ke6 31. Kd3 Kd5 32. Bb4 Nb6 33. Bxe7 Nxc4 34. bxc4+ Rxc4 35. Rb1 Rxa4 36. Rxb7 Ra1 37. Bc5 Rd1+ 38. Ke2 Rh1 39. Rxg7 a5 40.
Rxh7 a4 41. Ra7 Ke4 42. Re7+ Kd5 43. Kd3 1-0

[Event "*** MasterClass Titled Tuesday Blitz"]
[Site "Chess.com"]
[Date "2017.11.07"]
[Round "4"]
[White "KamilPlichta"]
[Black "LawrenceTrent"]
[Result "1-0"]
[WhiteElo "2561"]
[BlackElo "2354"]
[TimeControl "180+2"]
[EndTime "14:59:14 PST"]
[Termination "KamilPlichta won by resignation"]

1. c4 Nf6 2. Nc3 g6 3. e4 d6 4. d4 Bg7 5. Nf3 O-O 6. Be2 e5 7. d5 Nbd7 8. O-O Nc5 9. Qc2 a5 10. Bg5 h6 11. Be3 b6 12. Nd2 Ng4 13. Bxg4 Bxg4 14.
b3 Bd7 15. a3 f5 16. f3 f4 17. Bf2 g5 18. b4 Na6 19. Rab1 g4 20. c5 axb4 21.
axb4 bxc5 22. bxc5 Nxc5 23. Bxc5 dxc5 24. Nb5 g3 25. h3 Qh4 26. Nxc7 Ra7 27. Ne6 Bxe6 28. dxe6 Qe7 29. Nb3 Qxe6 30. Nxc5 Qf7 31. Nd3 Rd8 32. Nb4 Bf8 33. Nd5 Ra5 34. Rfd1 Bc5+ 35. Kh1 Bd4 36. Qc6 Kg7 37. Rb7 1-0

[Event "*** MasterClass Titled Tuesday Blitz"]
[Site "Chess.com"]
[Date "2017.11.07"]
[Round "4"]
[White "gmcorrales"]
[Black "Fy_Rakotomaharo"]
[Result "1-0"]
[WhiteElo "2677"]
[BlackElo "2448"]
[TimeControl "180+2"]
[EndTime "14:59:29 PST"]
[Termination "gmcorrales won by resignation"]

1. e4 c5 2. Nf3 Nc6 3. d4 cxd4 4. Nxd4 e5 5. Nb5 d6 6. N1c3 a6 7. Na3 Be7 8. Nd5 Nf6 9. Nxf6+ Bxf6 10. Nc4 O-O 11.
Qxd6 Qxd6 12. Nxd6 Nb4 13. Bd3 Rd8 14. Nxc8 Raxc8 15. Bd2 Nxc2+ 16. Bxc2 Rxc2 17. Bc3 Bh4 18. O-O Re2 19.
g3 Be7 20. Rfe1 Rxe1+ 21. Rxe1 f6 22. Kf1 b5 23. Ke2 Bc5 24. Rc1 Bb6 25. Bd2 Bxf2 26.
Ba5 Rd4 27. Kxf2 Rxe4 28. a3 Ra4 29. Bc3 Kf7 30. Bb4 a5 31. b3 1-0

[Event "*** MasterClass Titled Tuesday Blitz"]
[Site "Chess.com"]
[Date "2017.11.07"]
[Round "4"]
[White "PenguinPacks"]
[Black "AttilaTurzo"]
[Result "1-0"]
[WhiteElo "2179"]
[BlackElo "2353"]
[TimeControl "180+2"]
[EndTime "14:59:31 PST"]
[Termination "PenguinPacks won by resignation"]

1. e4 c5 2. Nf3 g6 3. d4 cxd4 4.
Nxd4 Nc6 5. Be3 Nf6 6. Nc3 Bg7 7. Bc4 O-O 8. Bb3 a5 9. f3 d6 10. Qd2 Bd7 11. a4 Nxd4 12. Bxd4 Bc6 13. O-O-O Nd7 14.
Bxg7 Kxg7 15. h4 h6 16. f4 f6 17. Rh3 Nc5 18. Bd5 Qd7 19. Rg3 Rh8 20. f5 g5 21. Rh1 Rh7 22. hxg5 hxg5 23. Rxg5+ fxg5 24. Qxg5+ Kh8 25. Rxh7+ Kxh7 26. Qg6+ 1-0

[Event "*** MasterClass Titled Tuesday Blitz"]
[Site "Chess.com"]
[Date "2017.11.07"]
[Round "4"]
[White "Khamrakulov_Djurabek"]
[Black "AkshatChandra"]
[Result "1-0"]
[WhiteElo "2654"]
[BlackElo "2732"]
[TimeControl "180+2"]
[EndTime "14:59:35 PST"]
[Termination "Khamrakulov_Djurabek won by resignation"]

1. e4 e5 2. Nf3 Nc6 3. d4 exd4 4. Nxd4 Nf6 5. Nxc6 bxc6 6. e5 Qe7 7. Qe2 Nd5 8. c4 Ba6 9. b3 g6 10. f4 Bg7 11. Qf2 Nb6 12. Ba3 Qe6 13. c5 Bxf1 14.
cxb6 Ba6 15. bxc7 f6 16. Nc3 fxe5 17. O-O-O d5 18. Rhe1 e4 19. Nxe4 dxe4 20. Rxe4 Qxe4 21. Re1 Qxe1+ 22. Qxe1+ Kd7 23. Qe7+ Kc8 24. Qxg7 Re8 25. Qf7 Re1+ 26. Kd2 Re2+ 27. Kd1 Rxa2 28. Bd6 Be2+ 29. Ke1 Bg4 30. Qe8+ Kb7 31. Qb8+ Rxb8 32. cxb8=Q+ Ka6 33.
Bc5 1-0

[Event "*** MasterClass Titled Tuesday Blitz"]
[Site "Chess.com"]
[Date "2017.11.07"]
[Round "4"]
[White "igorkovalenko"]
[Black "Man-Chuk"]
[Result "0-1"]
[WhiteElo "2784"]
[BlackElo "2619"]
[TimeControl "180+2"]
[EndTime "14:59:36 PST"]
[Termination "Man-Chuk won by resignation"]

1. e4 e5 2. Nf3 Nc6 3. Bb5 Nf6 4. O-O Nxe4 5. Re1 Nd6 6. Nxe5 Nxe5 7. Rxe5+ Be7 8.
Bf1 O-O 9. d4 Bf6 10. Re2 b6 11.
Bf4 Nf5 12. Rd2 d5 13. c3 Be6 14. Na3 Bg5 15. Bxg5 Qxg5 16. Re2 c6 17. Nc2 Rae8 18. Nb4 Bd7 19. Nd3 Rxe2 20. Bxe2 f6 21. Qa4 a5 22.
Qb3 Re8 23. Bf1 Nh4 24. Kh1 Bf5 25. c4 Be4 26. Ne1 dxc4 27. Bxc4+ Kh8 28. f3 Bxf3 29.
Bf1 Rxe1 30. Rxe1 Bxg2+ 31. Kg1 Bd5+ 32. Qg3 Qxg3+ 33. hxg3 Nf3+ 34. Kf2 Nxe1 35. Kxe1 Bxa2 36. Kd2 Bd5 0-1

[Event "*** MasterClass Titled Tuesday Blitz"]
[Site "Chess.com"]
[Date "2017.11.07"]
[Round "4"]
[White "Blitzstream"]
[Black "rpragchess"]
[Result "1-0"]
[WhiteElo "2487"]
[BlackElo "2298"]
[TimeControl "180+2"]
[EndTime "14:59:37 PST"]
[Termination "Blitzstream won by resignation"]

1. d4 Nf6 2. Nf3 d5 3. e3 e6 4. c4 a6 5. Nc3 dxc4 6. Bxc4 b5 7. Bb3 Bb7 8. O-O c5 9. Qe2 Nbd7 10. Rd1 Qb6 11. Ne5 Nxe5 12. dxe5 Nd7 13. f4 Be7 14. Bc2 Bc6 15. Ne4 Bd5 16. Nd6+ Bxd6 17. exd6 Qxd6 18.
e4 Bc4 19. Qg4 Qb6 20. b3 Nf6 21. Qxg7 Ke7 22. Bb2 e5 23. Bxe5 Be2 24. Rd6 1-0

[Event "*** MasterClass Titled Tuesday Blitz"]
[Site "Chess.com"]
[Date "2017.11.07"]
[Round "4"]
[White "temiksmozg"]
[Black "Tarlev_Konstantin"]
[Result "0-1"]
[WhiteElo "2455"]
[BlackElo "2625"]
[TimeControl "180+2"]
[EndTime "14:59:37 PST"]
[Termination "Tarlev_Konstantin won on time"]

1. d4 Nf6 2. c4 g6 3. Nc3 Bg7 4. e4 d6 5. Nf3 O-O 6. Be2 Nbd7 7. O-O e5 8. Qc2 c6 9. d5 c5 10. g3 Nh5 11. Nh4 Ndf6 12. Bd2 Bh3 13. Ng2 Ng4 14. f3 Nh6 15. Rf2 f5 16. exf5 Nxf5 17.
Ne4 Nd4 18. Qd3 Nf6 19. Bg5 Nxe4 20. Bxd8 Nxf2 21. Kxf2 Raxd8 22. Kg1 Bf5 23. Qd2 Bd7 24. Rf1 Rb8 25. b3 b5 26. Ne1 bxc4 0-1

[Event "*** MasterClass Titled Tuesday Blitz"]
[Site "Chess.com"]
[Date "2017.11.07"]
[Round "4"]
[White "gammagramma"]
[Black "TheMagician"]
[Result "1-0"]
[WhiteElo "2437"]
[BlackElo "2265"]
[TimeControl "180+2"]
[EndTime "14:59:38 PST"]
[Termination "gammagramma won by resignation"]

1. d4 d5 2. c4 e6 3. Nc3 Nf6 4. Bg5 Nbd7 5. e3 Be7 6. Rc1 c6 7. Bd3 a6 8. h3 dxc4 9. Bxc4 b5 10. Be2 c5 11. Bf3 Ra7 12. Nge2 Bb7 13. Bxb7 Rxb7 14. d5 exd5 15. Nxd5 O-O 16. Nxe7+ Qxe7 17. O-O Qe6 18. Nf4 Qxa2 19. Qc2 h6 20. Ra1 Qc4 21. Qxc4 bxc4 22. Bxf6 Nxf6 23. Rxa6 Rxb2 24. Rc1 Rc8 25. Rxc4 Rb1+ 26.
Kh2 Rb4 27. Rxb4 cxb4 28. Rb6 g5 29. Rxf6 gxf4 30. Rxf4 Rb8 31. Rc4 b3 32. Rc1 Kg7 33. Kg3 b2 34. Rb1 Kf6 35. Kf3 Ke5 36. Ke2 f5 37.
Kd2 f4 38. exf4+ Kxf4 39. Kc3 Rg8 40. g3+ Kf3 41. Rxb2 Rc8+ 42. Kd4 Re8 43. g4 Re4+ 44. Kd5 Re8 45. Rb6 h5 46. Rf6+ Kg2 47. gxh5 Kxh3 48.
h6 Kh4 49. f4 Kg4 50. h7 Rh8 51.
Rf7 Re8 52. Rg7+ Kf5 53. Rg5+ Kf6 54. Rg8 Re5+ 1-0

[Event "*** MasterClass Titled Tuesday Blitz"]
[Site "Chess.com"]
[Date "2017.11.07"]
[Round "4"]
[White "johnathan113"]
[Black "Alexander_Donchenko"]
[Result "0-1"]
[WhiteElo "2462"]
[BlackElo "2656"]
[TimeControl "180+2"]
[EndTime "14:59:40 PST"]
[Termination "Alexander_Donchenko won by checkmate"]

1. d4 Nf6 2. Nc3 d5 3. Bf4 Bf5 4. f3 h6 5. g4 Bh7 6. h4 e6 7.
e3 a6 8. Nge2 c5 9. Ng3 Bd6 10.
g5 cxd4 11. Qxd4 Nc6 12. Qd2 Bxf4 13. exf4 Nd7 14. O-O-O Qc7 15. f5 Qxg3 16. g6 Bxg6 17. fxg6 Qxg6 18. Ne4 O-O 19. h5 Qf5 20. Bd3 Nde5 21.
Nf2 Nxd3+ 22. Nxd3 Rac8 23. Kb1 Nd4 24. Rhg1 Kh8 25.
Rg3 Rxc2 26. Qe3 Qf6 27. Ne5 Re2 28. Qxd4 Qxe5 29. Qh4 Qxb2# 0-1

[Event "*** MasterClass Titled Tuesday Blitz"]
[Site "Chess.com"]
[Date "2017.11.07"]
[Round "4"]
[White "Angry_Serb"]
[Black "ValeriyGrinev"]
[Result "1-0"]
[WhiteElo "2434"]
[BlackElo "2431"]
[TimeControl "180+2"]
[EndTime "14:59:41 PST"]
[Termination "Angry_Serb won by resignation"]

1. e4 c5 2. Nf3 e6 3. d4 cxd4 4. Nxd4 a6 5. Bd3 Bc5 6. Nb3 Be7 7. Be3 d6 8. f4 Nf6 9. N1d2 Nbd7 10. Qf3 Qc7 11. g4 h6 12. O-O-O b5 13. h4 h5 14. g5 Ng4 15. Bg1 Bb7 16. Kb1 Bc6 17. Nd4 Nc5 18. Nxc6 Qxc6 19. Nb3 Nxd3 20. cxd3 a5 21. Nd4 Qb7 22. g6 Bf6 23. gxf7+ Kxf7 24. f5 Bxd4 25. fxe6+ Kxe6 26. Qf5+ Ke7 27. Bxd4 Raf8 28.
Qg5+ Ke8 29. Qg6+ Rf7 30. Qxd6 Rh6 31. Qc5 Qc6 32. Qg5 a4 33. Rc1 Qd7 34. Rc5 Rd6 35.
Rhc1 Rxd4 36. Rc8+ Qd8 37. Qxb5+ Rfd7 38. Qxh5+ Ke7 39.
Rxd8 Nf6 40. Rxd7+ 1-0